 Dungeon Crawl Stone Soup version 0.31.0-32-g396128a36d (webtiles) character file.

Game seed: 3104635046672376474

1384 PaiMei the Purveyor of Pain (level 8, -1/50 (53) HPs)
             Began as a Demonspawn Necromancer on Apr 17, 2024.
             Was an Initiate of Kikubaaqudgha.
             Slain by a wight
             ... wielding a +2 falchion
              (6 damage)
             ... on level 6 of the Dungeon.
             The game lasted 00:10:00 (8548 turns).

PaiMei the Purveyor of Pain (DsNe)                  Turns: 8548, Time: 00:10:00

HP:   -1/50 (53)    AC:  3    Str:  8    XL:     8   Next: 40%
MP:   0/15          EV: 19    Int: 18    God:    Kikubaaqudgha [......]
Gold: 336           SH:  0    Dex: 14    Spells: 4/17 levels left

rFire   . . .        v - +0 flail (heavy)
rCold   . . .        (no shield)
rNeg    . . .        a - +0 robe
rPois   .            (helmet restricted)
rElec   .            (no cloak)
rCorr   .            (no gloves)
SInv    .            (no boots)
Will    .....        (no amulet)
Stlth   +++          e - +5 ring of evasion
HPRegen 0.28/turn    C - ring of wizardry
MPRegen 0.28/turn

%: guardian spirit, wizardry (x1)
@: drained
A: horns 1, rugged brown scales 1, foul stench 2, magic shield, magic
regeneration
a: Renounce Religion


You were on level 6 of the Dungeon.
You worshipped Kikubaaqudgha.
Kikubaaqudgha was noncommittal.
You visited 2 branches of the dungeon, and saw 7 of its levels.

You collected 336 gold pieces.

Inventory:

Hand Weapons
 v - a +0 heavy flail (weapon)
Missiles
 t - 2 poisoned darts (quivered)
Armour
 a - a +0 robe (worn)
Jewellery
 e - a +5 ring of evasion (left hand)
 q - a ring of protection from cold
 C - a ring of wizardry (right hand)
Wands
 w - a wand of acid (9)
 x - a wand of iceblast (11)
 y - a wand of flame (8)
Scrolls
 d - a scroll of silence {unknown}
 f - a scroll of vulnerability {unknown}
 h - 3 scrolls of noise {unknown}
 i - 5 scrolls of poison {unknown}
 j - a scroll of blinking {unknown}
 k - 10 scrolls of identify {unknown}
 l - 6 scrolls of teleportation {unknown}
 m - a scroll of torment {unknown}
 n - a scroll of fog {unknown}
 u - a scroll of butterflies {unknown}
 z - a scroll of amnesia {unknown}
 A - a scroll of enchant armour {unknown}
 B - a scroll of fear {unknown}
Potions
 b - a potion of magic
 c - 3 potions of mutation {unknown}
 g - 2 potions of curing {unknown}
 o - a potion of enlightenment {unknown}
 p - 3 potions of lignification {unknown}
 r - a potion of degeneration {unknown}
 s - a potion of brilliance {unknown}


   Skills:
 + Level 4.9 Dodging
 + Level 5.4 Stealth
 + Level 5.1 Spellcasting
 + Level 7.2 Necromancy


You had 4 spell levels left.
You knew the following spells:

 Your Spells              Type           Power      Damage    Failure   Level
a - Necrotise             Necr           100%       1d9       1%          1
b - Vampiric Draining     Necr           30%        2d8       1%          3
c - Animate Dead          Necr           30%        N/A       2%          4
d - Curse of Agony        Necr           30%        N/A       8%          5

Your spell library contained the following spells:

 Spells                   Type           Power      Damage    Failure   Level
 Call Canine Familiar     Summ           4%         N/A       16%         3
 Frozen Ramparts          Ice            8%         1d2       16%         3
 Sigil of Binding         Hex            4%         N/A       16%         3
 Dimensional Bullseye     Hex/Tloc       2%         N/A       45%         4
 Leda's Liquefaction      Alch/Erth      2%         N/A       45%         4
 Petrify                  Alch/Erth      4%         N/A       45%         4
 Metabolic Englaciation   Hex/Ice        2%         N/A       78%         5


Dungeon Overview and Level Annotations

Branches:
Dungeon (6/15)             Temple (1/1) D:6

Altars:
Ashenzari
Dithmenos
Fedhas
Gozag
Hepliaklqana
Kikubaaqudgha
Makhleb
Nemelex Xobeh
Okawaru
Qazlal
Ru
Sif Muna
Trog
Vehumet
Wu Jian
Xom
Yredelemnul

Shops:
D:1 :

Annotations:
D:3 1 runed translucent door, Crazy Yiuf
D:4 Menkaure
D:6 Dowan, Duvessa


Innate Abilities, Weirdness & Mutations

You have a pair of small horns on your head.
You are partially covered in rugged brown scales. (AC +1, +3% HP)
You sometimes emit foul miasma when damaged in melee.
When hurt, damage is shared between your health and your magic reserves.
You regenerate magic rapidly.


Message History

Kikubaaqudgha accepts your kill.
Your Spellcasting skill increases to level 5!
Things that are here:
a +0 battleaxe; a +0 robe Magic restored.
HP restored.
You hit the wight but do no damage.
The wight hits you with a +5 long sword! x2
You feel drained.
You emit a cloud of foul miasma!
You closely miss the wight. The wight closely misses you.
The wight completely misses you.
You barely miss the wight. You headbutt the wight.
The wight is lightly damaged.
The wight hits you with a +5 long sword.
You feel drained.
The wight hits you with a +5 long sword!
You feel drained.
You hit the wight. You headbutt the wight.
The wight is moderately damaged.
The wight misses you.
The wight hits you with a +5 long sword.
You closely miss the wight.
The wight is moderately damaged.
The wight hits you with a +5 long sword.
The wight barely misses you.
You sock the wight!
You destroy the wight!
Kikubaaqudgha accepts your kill. The wight barely misses you.
You sock the wight!
The wight is severely damaged.
The wight closely misses you. The wight hits you with a +2 falchion!
* * * LOW HITPOINT WARNING * * *
You barely miss the wight.
The wight is severely damaged.
The wight barely misses you. The wight hits you with a +2 falchion!
* * * LOW HITPOINT WARNING * * *
You emit a cloud of foul miasma!
The wight hits you with a +2 falchion!
You die...
Kikubaaqudgha rasps: "You have failed me!
Welcome... death!"

### ######## #...
....... #######....
#.. .. #......#
..#####.#####
#.###.##
............. #....##
..#####.#####
#..##.## #.. #z# #
#..###.###.#.#####<##
# #..#
##@#.z.......>.# #
#..#
##z###.#####))####
#..# ###
#......)..... #).#
####.....#### #..#
#.###).... ######..#
#.....#### #.......#
#.###.# # #.##.#..##
#.# #.# #........#
#.# #)#


You could see a wight.

Vanquished Creatures
  A black bear (D:6)
  2 ogres
  A gnoll sergeant (D:6)
  5 scorpions
  2 wights (D:6)
  A bombardier beetle (D:4)
  A hound (D:6)
  2 orc priests
  An iguana (D:5)
  3 gnoll boudas
  A sleepcap (D:4)
  An orc wizard (D:6)
  19 gnolls
  9 adders
  A shadow imp (D:5)
  A white imp (D:4)
  6 dart slugs
  2 ribbon worms (D:4)
  6 orcs
  3 bats
  3 endoplasms
  2 giant cockroaches
  3 goblins
  7 hobgoblins
  7 kobolds
  3 quokkas
  5 ball pythons
  2 frilled lizards
  3 rats
103 creatures vanquished.

Vanquished Creatures (collateral kills)
  A gnoll (D:5)
  A white imp (D:5)
  An orc (D:5)
  An endoplasm (D:1)
  A goblin (D:1)
  A ball python (D:1)
6 creatures vanquished.

Grand Total: 109 creatures vanquished

Notes
Turn   | Place    | Note
-------+----------+-------------------------------------------
     0 | D:1      | PaiMei the Demonspawn Necromancer began the quest for the
                  | Orb.
     0 | D:1      | Reached XP level 1. HP: 13/13 MP: 3/3
   322 | D:1      | Gained mutation: You have a pair of small horns on your
                  | head. [demonic ancestry]
   322 | D:1      | Reached XP level 2. HP: 19/19 MP: 1/5
   546 | D:1      | Found Siramian's Book Boutique.
  1063 | D:1      | Gained mutation: You regenerate magic rapidly. [demonic
                  | ancestry]
  1063 | D:1      | Reached XP level 3. HP: 24/24 MP: 3/6
  1792 | D:2      | Gained mutation: You may rarely emit foul miasma when
                  | damaged in melee. [demonic ancestry]
  1792 | D:2      | Reached XP level 4. HP: 24/30 MP: 1/7
  1841 | D:2      | Learned a level 3 spell: Vampiric Draining
  1846 | D:2      | Learned a level 4 spell: Animate Dead
  2463 | D:3      | Found a stormy altar of Qazlal.
  2792 | D:2      | Reached skill level 5 in Necromancy
  3328 | D:3      | Found a runed translucent door.
  3329 | D:3      | Noticed Crazy Yiuf
  3551 | D:3      | Gained mutation: You are partially covered in rugged brown
                  | scales. (AC +1, +3% HP) [demonic ancestry]
  3551 | D:3      | Reached XP level 5. HP: 30/36 MP: 5/9
  3663 | D:3      | Found a blossoming altar of Fedhas.
  3946 | D:4      | Noticed Menkaure
  4509 | D:3      | Gained mutation: When hurt, damage is shared between your
                  | health and your magic reserves. [demonic ancestry]
  4509 | D:3      | Reached XP level 6. HP: 15/42 MP: 5/11
  5744 | D:5      | Entered Level 5 of the Dungeon
  5932 | D:5      | Reached skill level 6 in Necromancy
  5932 | D:5      | Reached XP level 7. HP: 45/47 MP: 3/12
  6400 | D:5      | Found a burning altar of Makhleb.
  6412 | D:5      | Noticed an Executioner
  6412 | D:5      | Noticed an angel
  6815 | D:5      | Found a sacrificial altar of Ru.
  7670 | D:6      | Gained mutation: You sometimes emit foul miasma when
                  | damaged in melee. [demonic ancestry]
  7670 | D:6      | Reached XP level 8. HP: 53/53 MP: 9/14
  7881 | D:6      | Reached skill level 5 in Stealth
  7979 | D:6      | Found a staircase to the Ecumenical Temple.
  7995 | Temple   | Entered the Ecumenical Temple
  8004 | Temple   | Became a worshipper of Kikubaaqudgha
  8030 | D:6      | Noticed Dowan
  8030 | D:6      | Noticed Duvessa
  8346 | D:6      | Reached skill level 7 in Necromancy
  8496 | D:6      | Learned a level 5 spell: Curse of Agony
  8519 | D:6      | Reached skill level 5 in Spellcasting
  8548 | D:6      | Slain by a wight

Illustrated notes

Levels and vault maps discovered:
D:1:      minmay_arrival_four_houses, layout_basic, serial_shops, shop,
          serial_forest, infiniplex_forest_straight_1,
          infiniplex_forest_clump_diagonal, infiniplex_forest_clump_tiny,
          infiniplex_forest_lined_corner, infiniplex_forest_clump_C,
          infiniplex_forest_clump_tiny, infiniplex_forest_straight_5
D:2:      layout_basic, hex_medium, st_stairs_6
D:3:      layout_loops_ring, fedhas_altar_fruit_tree,
          nicolae_qazlal_eye_of_the_storm, serial_forest,
          infiniplex_forest_lined_3, infiniplex_forest_lined_2,
          infiniplex_forest_end_double, infiniplex_forest_end_2,
          infiniplex_forest_straight_4, infiniplex_forest_lined_room_3,
          infiniplex_forest_straight_1, infiniplex_forest_zigzag_2,
          minmay_misc_feat_columns, minmay_misc_feat_four_crosses,
          wad_floor_pattern_untrapped, minmay_misc_feat_plants,
          uniq_crazy_yiuf_cottage
D:4:      layout_basic, kennysheep_little_box, nicolae_figureground_pulse,
          uniq_menkaure
D:5:      layout_layer_cave, grunt_temple_overflow_order_and_chaos_2,
          general_overflow_altar, hangedman_abyss_or_decor_passed,
          kennysheep_windowed_goal
D:6:      layout_loops_ring, minmay_temple_entry_offerings, minivault_25,
          minmay_misc_feat_rows, uniq_duvessa
Temple:   cyrus_circular_temple

Skill      XL: |  1  2  3  4  5  6  7  8 |
---------------+-------------------------+-----
Stealth        | 2 3 4 5 |  5.4
Dodging        | 2 3 4 |  4.9
Necromancy     | 5 6 7 |  7.2
Spellcasting   | 3 4 5 |  5.1

Action                     |  1- 3 |  4- 6 |  7- 9 || total
---------------------------+-------+-------+-------++-------
  Melee: Unarmed           |     4 |       |       ||     4
         Short sword       |       |    19 |       ||    19
         Headbutt          |       |     9 |     3 ||    12
         Flail             |       |     5 |    27 ||    32
         Punch             |       |       |     1 ||     1
   Cast: Necrotise         |    77 |   115 |    32 ||   224
         Vampiric Draining |       |     9 |    32 ||    41
         Animate Dead      |       |     1 |       ||     1
 Armour: Robe              |    11 |    32 |    36 ||    79
  Dodge: Dodged            |    26 |    49 |    90 ||   165
